 Dungeon Crawl Stone Soup version 0.26-a0-30-g56b8cd3df0 (webtiles) character file.

Game seed: 17125689833759513480, levelgen mode: deterministic

267 vurker the Gusty (level 6, -3/35 HPs)
             Began as a Tengu Air Elementalist on May 29, 2020.
             Slain by a hippogriff (8 damage)
             ... on level 3 of the Dungeon.
             The game lasted 00:03:53 (3966 turns).

vurker the Gusty (Tengu Air Elementalist)           Turns: 3966, Time: 00:03:54

Health: -3/35      AC:  2    Str:  8    XL:     6   Next: 21%
Magic:  2/12       EV: 15    Int: 17    God:
Gold:   202        SH:  0    Dex: 15    Spells: 2/12 levels left

rFire    . . .     SeeInvis .   l - +0 dagger (protect)
rCold    . . .     Gourm    .   (no shield)
rNeg     . . .     Faith    .   a - +0 robe
rPois    .         Spirit   .   (helmet restricted)
rElec    .         Reflect  .   (no cloak)
rCorr    .         Harm     .   (no gloves)
MR       .....                  (boots unavailable)
Stlth    ++........             k - amulet of regeneration
HPRegen  0.51/turn              (no ring)
MPRegen  0.13/turn              (no ring)

@: flying quickly and evasively, very slightly contaminated, quick
A: beak, talons 3, able to fly
a: Stop Flying


You were on level 3 of the Dungeon.
You were not hungry.

You visited 1 branch of the dungeon, and saw 4 of its levels.

You collected 202 gold pieces.

Inventory:

Hand Weapons
 l - a +0 dagger of protection (weapon)
   (You found it on level 1 of the Dungeon)
Missiles
 d - a throwing net (quivered)
Armour
 a - a +0 robe (worn)
Jewellery
 k - an amulet of regeneration (around neck)
   (You found it on level 1 of the Dungeon)
 t - a cursed ring of attention {unknown}
   (You found it on level 3 of the Dungeon)
Scrolls
 b - 4 scrolls of remove curse {unknown}
 f - a scroll of fog {unknown}
 g - 3 scrolls of identify
 n - 2 scrolls of amnesia {unknown}
 o - 2 scrolls of teleportation {unknown}
 p - a scroll of fear {unknown}
 s - 2 scrolls of blinking {unknown}
Potions
 c - 4 potions of curing
 h - a potion of heal wounds {unknown}
 i - 2 potions of magic {unknown}
 j - a potion of invisibility {unknown}
 m - 2 potions of stabbing {unknown}
 q - a potion of lignification {unknown}
 u - a potion of might {unknown}
Comestibles
 e - 9 rations
 r - 4 chunks of flesh


   Skills:
 + Level 2.1 Fighting
 - Level 2.1 Dodging
 - Level 2.0 Stealth
 * Level 3.7 Spellcasting
 + Level 3.4 Conjurations
 * Level 6.0 Air Magic


You had 2 spell levels left.
You knew the following spells:

 Your Spells              Type           Power        Failure   Level  Hunger
a - Shock                 Conj/Air       ###.         2%          1    None
b - Lightning Bolt        Conj/Air       ###.......   54%         5    ######.
c - Airstrike             Air            ###.......   14%         4    ####...

Your spell library contained the following spells:

 Spells                   Type           Power        Failure   Level  Hunger
 Swiftness                Chrm/Air       ##......     7%          2    ##.....
 Animate Skeleton         Necr           N/A          16%         1    None
 Pain                     Necr           #...         16%         1    None
 Static Discharge         Conj/Air       ###.....     7%          3    ###....
 Vampiric Draining        Necr           #.........   43%         3    ###....
 Animate Dead             Necr           N/A          85%         4    ####...
 Agony                    Necr           #.......     99%         5    ######.


Dungeon Overview and Level Annotations

Branches:
Dungeon (4/15)
 Temple: D:4-7

Altars:
Dithmenos


Innate Abilities, Weirdness & Mutations

You have a beak for a mouth.
You have claws for feet.
You can fly continuously.


Message History

The hippogriff screeches!
Aim: a hippogriff (lightly wounded)
The zap hits the hippogriff.
Aim: a hippogriff (moderately wounded)
The zap hits the hippogriff.
Aim: a hippogriff (moderately wounded)
You miscast Shock.
You are very lightly contaminated with residual magic.
Nothing appears to happen.
A quokka comes into view.
Aim: a hippogriff (moderately wounded)
The zap hits the hippogriff.
There is a stone staircase leading up here.
You fly upwards.
There is a stone staircase leading down here.
This spell is potentially lethal to cast!
Memorise Lightning Bolt, consuming 5 spell levels and leaving 6?
You start memorising the spell.
You continue memorising. x5
You finish memorising.
Spell assigned to 'b'.
This spell is quite dangerous to cast!
Memorise Airstrike, consuming 4 spell levels and leaving 2?
You start memorising the spell.
You continue memorising. x4
You finish memorising.
Spell assigned to 'c'.
You fly downwards.
The quokka closely misses you. The hippogriff barely misses you.
The hippogriff pecks you! The hippogriff claws you!
The quokka closely misses you.
There is a stone staircase leading up, spattered with blood here.
The spell is quite dangerous to cast (14% risk of failure)!
Continue anyway? [Y]es or [N]o only, please.
The spell is quite dangerous to cast (14% risk of failure)!
Continue anyway?
Aim: a hippogriff (moderately wounded)
You miscast Airstrike.
Nothing appears to happen.
The quokka bites you. The hippogriff misses you. The hippogriff pecks you!
* * * LOW HITPOINT WARNING * * *
The hippogriff closely misses you.
The spell is quite dangerous to cast (14% risk of failure)!
Continue anyway? [Y]es or [N]o only, please.
The spell is quite dangerous to cast (14% risk of failure)!
Continue anyway?
Aim: a hippogriff (moderately wounded)
The air twists around and violently strikes the hippogriff!
The quokka misses you. The hippogriff bites you.
* * * LOW HITPOINT WARNING * * *
The hippogriff pecks you.
* * * LOW HITPOINT WARNING * * *
The hippogriff misses you.
As you read the scroll labeled LIVVEJ VOUPALOJ, it crumbles to dust.
It is a scroll of identify.
c - 4 potions of curing The quokka misses you.
The hippogriff bites you!
You die...

...# #..# #.. ... #.#
#.# #######.# ########
#.....#r# #.......
#.###.#@# #.#####.
#####.###.#H#########.#
#.
#.........[...........#
#.
#.###.###.#.#########.#
#. #.# #.###.>[.##
#.#####. #.#
#.......<.# #.......
#.# ######...##
##...##.
##.#########.## #..###.
#........# #.# #..# #.


You could see a hippogriff and a quokka.

Vanquished Creatures
  A scorpion (D:4)
  A howler monkey (D:4)
  A centaur skeleton (D:4)
  A hound (D:4)
  3 adders
  An ooze (D:1)
  An adder skeleton (D:3)
  2 worms (D:3)
  2 dart slugs (D:2)
  4 leopard geckos
  10 orcs
  A ball python (D:4)
  9 bats
  4 giant cockroaches
  5 goblins
  9 hobgoblins
  A quokka (D:3)
  3 frilled lizards (D:1)
  2 kobolds
  A leopard gecko skeleton (D:4)
  8 rats
70 creatures vanquished.

Notes
Turn   | Place    | Note
-------+----------+-------------------------------------------
     0 | D:1      | vurker the Tengu Air Elementalist began the quest for the
                  | Orb.
     0 | D:1      | Reached XP level 1. HP: 10/10 MP: 4/4
   173 | D:1      | Reached XP level 2. HP: 15/15 MP: 1/6
  1325 | D:2      | Reached XP level 3. HP: 19/20 MP: 2/7
  1428 | D:2      | Reached skill level 1 in Fighting
  1891 | D:2      | Found a faded altar of an unknown god.
  1896 | D:2      | Reached XP level 4. HP: 25/25 MP: 6/9
  2228 | D:3      | Reached skill level 5 in Air Magic
  2367 | D:3      | Found a shadowy altar of Dithmenos.
  2697 | D:3      | You fall into a shaft and drop 1 floor!
  2788 | D:4      | Gained mutation: You can fly continuously. [Tengu growth]
  2788 | D:4      | Reached XP level 5. HP: 28/30 MP: 1/10
  3010 | D:4      | Reached XP level 6. HP: 34/35 MP: 3/12
  3570 | D:3      | Reached skill level 6 in Air Magic
  3941 | D:3      | Noticed a hippogriff
  3957 | D:2      | Learned a level 5 spell: Lightning Bolt
  3962 | D:2      | Learned a level 4 spell: Airstrike
  3966 | D:3      | Slain by a hippogriff

Illustrated notes

Levels and vault maps discovered:
D:1:      dpeg_arrival_round_c, layout_basic, minmay_indecisive_spiral
D:2:      layout_loops_ring, first_ration, chequers_ecumenical_altar_simple
D:3:      layout_loops_corners, lemuel_crystal_altar, gup_sewer_entry_spiral,
          ebering_ghost_sewer_d
D:4:      layout_cave_pools

Skill      XL: |  1  2  3  4  5  6 |
---------------+-------------------+-----
Conjurations   | 2 3 |  3.4
Fighting       | 1 2 |  2.1
Air Magic      | 5 6 |  6.0
Spellcasting   | 3 |  3.7
Dodging        | |  2.1
Stealth        | |  2.0

Action                   |  1- 3 |  4- 6 || total
-------------------------+-------+-------++-------
Melee: Unarmed           |     7 |       ||     7
       Kick              |     4 |     5 ||     9
       Peck              |     2 |     5 ||     7
       Dagger            |       |    14 ||    14
 Cast: Shock             |    65 |   113 ||   178
       Airstrike         |       |     1 ||     1
 Abil: Fly               |       |     1 ||     1
  Use: Scroll            |       |     1 ||     1
 Stab: Sleeping          |       |     1 ||     1
  Eat: Chunk             |     4 |     6 ||    10
Armor: Robe              |     8 |     2 ||    10
Dodge: Dodged            |     7 |    22 ||    29

Table legend:
 A = Non-vault XP
 B = Vault XP
 C = Vault XP percentage of total XP
 D = Non-vault monster count
 E = Vault monster count
 F = Vault count percentage of total count
                 A         B        C        D         E       F
            +---------+---------+-------+---------+---------+-------
      Total |     352 |      30 |   7.9 |      60 |      10 |  14.3
            +---------+---------+-------+---------+---------+-------
        D:1 |      26 |       5 |  16.1 |      12 |       4 |  25.0
        D:2 |      53 |       0 |   0.0 |      16 |       0 |   0.0
        D:3 |      66 |      25 |  27.5 |      25 |       6 |  19.4
        D:4 |     207 |       0 |   0.0 |       7 |       0 |   0.0
            +---------+---------+-------+---------+---------+-------
